 Dungeon Crawl Stone Soup version 0.29-a0-40-g8eb35efe60 (webtiles) character file.

Game seed: 3585141380520739569

497 lonewolfV2 the Chopper (level 7, -1/61 HPs)
             Began as a Hill Orc Berserker on Feb 1, 2022.
             Was a Believer of Trog.
             Slain by a jelly (3 damage)
             ... on level 4 of the Dungeon.
             The game lasted 00:04:48 (6132 turns).

lonewolfV2 the Chopper (Hill Orc Berserker)         Turns: 6132, Time: 00:04:49

Health: -1/61      AC: -1    Str: 22    XL:     7   Next: 15%
Magic:  7/7        EV: 12    Int:  7    God:    Trog [**....]
Gold:   110        SH:  0    Dex: 10    Spells: 6/6 levels left

rFire   . . .      SeeInvis +   a - +0 hand axe
rCold   . . .      Faith    .   (no shield)
rNeg    . . .      Spirit   .   b - +0 animal skin
rPois   .          Reflect  .   (no helmet)
rElec   .          Harm     .   (no cloak)
rCorr   .          Rampage  .   (no gloves)
Will    .....                   (no boots)
Stlth   ++........              (no amulet)
HPRegen 0.20/turn               f - ring of see invisible
MPRegen 0.10/turn               (no ring)

@: corroded, invisible
A: no striking features
a: Renounce Religion, Berserk, Trog's Hand


You were on level 4 of the Dungeon.
You worshipped Trog.
Trog was pleased with you.
You visited 1 branch of the dungeon, and saw 4 of its levels.

You collected 110 gold pieces.

Inventory:

Hand Weapons
 a - a +0 hand axe (weapon)
Armour
 b - a +0 animal skin (worn)
Jewellery
 f - a ring of see invisible (left hand)
Potions
 e - 3 potions of degeneration


   Skills:
 + Level 5.4 Fighting
 + Level 7.5 Axes
 + Level 2.6 Armour
 + Level 3.1 Dodging
 + Level 1.6 Stealth


You had 6 spell levels left.
You didn't know any spells.
Your spell library was empty.

Dungeon Overview and Level Annotations

Branches:
Dungeon (4/15)
 Temple: D:4-7

Altars:
Gozag
Vehumet
Zin


Message History

A jelly is nearby!
A jelly is nearby!
You slash the jelly!
Your hands burn!
The jelly is lightly wounded.
The jelly misses you.
You hit the jelly.
Your hands burn!
The jelly is moderately wounded.
The jelly hits you but does no damage.
You hit the jelly.
Your hands burn!
The jelly is heavily wounded.
The jelly hits you but does no damage.
You slash the jelly!
Your hands burn!
The jelly is heavily wounded.
The jelly hits you.
You are splashed with acid!
You completely miss the jelly.
The jelly is heavily wounded.
You slash the jelly!
Your hands burn!
The jelly is severely wounded.
The jelly closely misses you.
You barely miss the jelly.
The jelly is severely wounded.
The jelly hits you.
You are splashed with acid!
You slash the jelly! The acid corrodes you!
Your hands burn!
The jelly is almost dead.
The jelly barely misses you.
You hit the jelly but do no damage.
Your hands burn!
The jelly is almost dead.
The jelly hits you.
You are splashed with acid.
* * * LOW HITPOINT WARNING * * *
You hit the jelly but do no damage.
Your hands burn!
* * * LOW HITPOINT WARNING * * *
The jelly is almost dead.
The jelly hits you.
* * * LOW HITPOINT WARNING * * *
You are splashed with acid!
* * * LOW HITPOINT WARNING * * *
It was a potion of invisibility.
You fade into invisibility!
The jelly hits you.
You die...

.............#
.............#
.............#
.............# #
###########.#....# ..##
#...........#....# #....
#...........#..^..
......#.................
.......@..........#.....
.......J#######...#.....
#.#####.. #'###.....
#... #...#....# #....
#...#....# #.....
#...#....# .......
#####....# ########
######


You could see a jelly.

Vanquished Creatures
  Sigmund (D:2)
  A scorpion (D:4)
  A howler monkey (D:4)
  Terence (D:2)
  3 hound skeletons (D:4)
  4 gnolls (D:4)
  6 adders
  2 dart slugs (D:1)
  7 endoplasms
  8 giant cockroaches
  5 goblins
  7 hobgoblins
  2 jackals (D:1)
  4 quokkas
  3 ball pythons
  4 bats
  4 frilled lizards
  9 kobolds
  2 rats
74 creatures vanquished.

Vanquished Creatures (others)
  A plant (D:3)
  2 withered plants (D:1)
3 creatures vanquished.

Grand Total: 77 creatures vanquished

Notes
Turn   | Place    | Note
-------+----------+-------------------------------------------
     0 | D:1      | lonewolfV2 the Hill Orc Berserker began the quest for the
                  | Orb.
     0 | D:1      | Reached XP level 1. HP: 19/19 MP: 1/1
   443 | D:1      | Reached XP level 2. HP: 20/27 MP: 2/2
   734 | D:1      | Found a faded altar of an unknown god.
   961 | D:1      | Reached XP level 3. HP: 33/33 MP: 3/3
  1657 | D:1      | Found a radiant altar of Vehumet.
  1720 | D:1      | Reached skill level 5 in Axes
  1905 | D:2      | Noticed Sigmund
  1915 | D:2      | Killed Sigmund
  1916 | D:2      | Reached skill level 6 in Axes
  1916 | D:2      | Reached XP level 4. HP: 24/41 MP: 4/4
  1916 | D:2      | Reached XP level 5. HP: 28/47 MP: 5/5
  2458 | D:2      | Noticed Terence
  2475 | D:2      | Killed Terence
  2476 | D:2      | Reached XP level 6. HP: 19/55 MP: 6/6
  2821 | D:2      | Reached skill level 1 in Stealth
  3544 | D:2      | Reached ** piety under Trog
  4604 | D:3      | Found a glowing silver altar of Zin.
  4604 | D:3      | Found an opulent altar of Gozag.
  4936 | D:4      | Reached skill level 5 in Fighting
  5105 | D:4      | Reached skill level 7 in Axes
  5458 | D:4      | Reached XP level 7. HP: 14/61 MP: 7/7
  5465 | D:4      | HP: 3/61 [poisoned by a scorpion]
  6131 | D:4      | HP: 2/61 [acid (9)]
  6132 | D:4      | Slain by a jelly

Illustrated notes

Levels and vault maps discovered:
D:1:      nagdon_arrival_double_spiral, layout_loops_corners,
          ebering_ecumenical_altar_petrified, minivault_14,
          amcnicky_mini_corridor_feature, chequers_decorated_corner,
          kennysheep_flooded_box
D:2:      layout_loops_corners, uniq_sigmund, uniq_terence
D:3:      cheibrodos_old_hovel, layout_basic,
          grunt_temple_overflow_gold_and_silver, ebering_dispersal_statue_hall,
          minmay_misc_feat_encased, minmay_strange_pillars
D:4:      layout_gridville, serial_shops, shop, shop, nicolae_shop_hallway_plus,
          kennysheep_little_box

Skill      XL: |  1  2  3  4  5  6 |
---------------+-------------------+-----
Fighting       | 4 5 |  5.4
Axes           | 6 7 |  7.5
Dodging        | 2 3 |  3.1
Stealth        | 1 |  1.6
Armour         | |  2.6

Action                   |  1- 3 |  4- 6 |  7- 9 || total
-------------------------+-------+-------+-------++-------
Melee: Hand axe          |    92 |   150 |    18 ||   260
       Punch             |       |     1 |       ||     1
Invok: Berserk           |     1 |     1 |       ||     2
       Trog's Hand       |       |     1 |       ||     1
  Use: Scroll            |     2 |     5 |       ||     7
       Potion            |       |     1 |     1 ||     2
 Stab: Sleeping          |       |     1 |       ||     1
Armor: Animal skin       |    13 |    24 |     4 ||    41
Dodge: Dodged            |    62 |    98 |     8 ||   168

Table legend: (Time is in decaauts)
 A = Elapsed time spent in this place.
 B = Non-inter-level travel time spent in this place.
 C = Inter-level travel time spent in this place.
 D = Time resting spent in this place.
 E = Time spent auto-exploring this place.
 F = Levels seen in this place.
 G = Mean time per level.
                   A        B        C        D        E       F      G
               +--------+--------+--------+--------+--------+-----+--------+
         Total |   6154 |   6064 |     90 |   1411 |   3942 |   4 | 1538.5 |
       Dungeon |   6154 |   6064 |     90 |   1411 |   3942 |   4 | 1538.5 |
               +--------+--------+--------+--------+--------+-----+--------+

Top non-repeatable levels by time:
     D:2: 1908 daAuts
     D:1: 1829 daAuts
     D:4: 1221 daAuts
     D:3: 1195 daAuts
